AoeStats
← smelly the great

Coastal Forest

510314400Analyzed
4v4 RM · 1d ago on Sep 30, 2026· 50m 15s· 8 players
Game mode
Random Map
Map size
Large (8 player)
Population
200
Speed
Normal
Resources
Standard
Victory
Conquest
Starting age
Dark Age
Ending age
Imperial Age
RankedLock teamsTeams togetherTeam positionsShared explorationLock speedFull tech treeHidden civsTurbo modeCheats
Victory
Defeat
🇹🇼 Persians · Taiwan
1121
+15
🇨🇳 Bengalis · China
1108
+15
🇺🇸 Italians · United States
1104
+15
🇺🇸 Danes · United States
1101
+16
🇨🇳 Goths · China
1148
-18
🇨🇳 Ethiopians · China
1095
-15
🇨🇦 Tatars · Canada
1065
-14
1059
-14
别打脸 我是小帅
7:40 Loom
10:17 Feudal Age
12:05 Wheelbarrow
11:59 Double-Bit Axe
13:04 Wheelbarrow
18:54 Castle Age
17:30 Bloodlines
17:26 Fishing Lines
17:43 Gold Mining
18:14 Town Watch
19:02 Pikeman
20:33 Hand Cart
21:58 Husbandry
23:13 Hand Cart
30:10 Stone Mining
30:56 Gold Shaft Mining
32:41 Bloodlines
34:14 Squires
38:10 Imperial Age
36:22 Silk Armor
39:19 Conscription
41:37 Bow Saw
44:53 Gillnets
天庭掌管停车位的神
6:29 Loom
12:24 Feudal Age
16:11 Double-Bit Axe
18:59 Castle Age
18:34 Gold Mining
18:35 Stone Mining
21:06 Bow Saw
21:57 Stone Shaft Mining
23:33 Wheelbarrow
26:28 Imperial Age
26:47 Fishing Lines
28:31 Conscription
28:31 Hand Cart
28:10 Town Watch
29:09 Circumnavigation
30:45 Elite Organ Gun
39:08 Fletching
39:19 Padded Archer Armor
40:10 Bloodlines
40:00 Husbandry
39:22 Light Cavalry
41:18 Bodkin Arrow
41:30 Scale Barding Armor
42:01 Scale Barding Armor
42:07 Forging
46:11 Chain Barding Armor
46:27 Iron Casting
45:17 Cavalier
46:27 Arquebus
46:54 Ballistics
47:34 Chemistry
46:40 Siege Engineers
48:28 Plate Barding Armor
48:54 Blast Furnace
老朱
0:31 Loom
13:57 Feudal Age
14:41 Double-Bit Axe
15:55 Fishing Lines
17:27 Fletching
17:37 Padded Archer Armor
19:56 Castle Age
18:51 Gold Mining
20:39 Crossbowman
21:26 Thumb Ring
23:40 Gillnets
24:41 Bodkin Arrow
25:28 Ballistics
25:49 Leather Archer Armor
29:12 Squires
31:34 Bow Saw
38:30 Imperial Age
36:37 Wheelbarrow
38:50 Stone Mining
39:38 Gold Shaft Mining
39:34 Conscription
40:27 Chemistry
39:33 Siege Engineers
38:51 Arbalester
38:57 Arbalester
41:32 Arson
42:34 Ring Archer Armor
42:05 Bracer
42:27 Hand Cart
洗白灰
8:35 Loom
10:45 Feudal Age
10:51 Man-at-Arms
11:23 Double-Bit Axe
11:21 Horse Collar
16:22 Wheelbarrow
20:44 Castle Age
20:34 Scale Mail Armor
21:08 Padded Archer Armor
20:57 Elite Skirmisher
20:59 Pikeman
21:40 Squires
21:40 Town Watch
23:23 Hand Cart
24:18 Bow Saw
23:54 Long Swordsman
26:07 Heavy Plow
27:15 Stone Mining
32:50 Chain Mail Armor
35:35 Fletching
35:56 Forging
36:06 Anarchy
42:41 Imperial Age
43:08 Iron Casting
42:58 Two-Handed Swordsman
44:41 Conscription
44:22 Perfusion
44:46 Conscription
44:41 Champion
44:42 Halberdier
49:07 Crop Rotation
49:21 Perfusion
49:46 Elite Huskarl
nate the great
8:53 Loom
11:08 Feudal Age
15:42 Castle Age
13:34 Double-Bit Axe
13:55 Horse Collar
14:08 Gold Mining
15:12 Stone Mining
17:06 Wheelbarrow
16:32 Heavy Plow
17:09 Bow Saw
18:53 Town Watch
25:57 Gold Shaft Mining
26:11 Stone Shaft Mining
26:44 Hand Cart
26:54 Fervor
31:15 Imperial Age
28:49 Hamask
29:32 Man-at-Arms
29:59 Gambesons
30:18 Scale Mail Armor
30:28 Forging
30:10 Fletching
30:50 Squires
30:36 Arson
30:14 Long Swordsman
30:23 Pikeman
31:23 Chain Mail Armor
31:23 Northmen's Fury
33:31 Chemistry
32:28 Onager
32:32 Two-Handed Swordsman
34:08 Iron Casting
34:31 Town Patrol
34:54 Ballistics
34:45 Masonry
35:08 Plate Mail Armor
35:19 Conscription
35:28 Champion
39:03 Siege Onager
41:01 Siege Engineers
42:47 Blast Furnace
44:15 Halberdier
46:10 Caravan
smelly the great
3:44 Loom
10:38 Feudal Age
19:25 Castle Age
17:16 Fletching
17:22 Double-Bit Axe
18:31 Padded Archer Armor
19:27 Horse Collar
19:35 Crossbowman
21:42 Bodkin Arrow
30:11 Leather Archer Armor
31:31 Gold Mining
32:27 Wheelbarrow
34:51 Ballistics
43:21 Imperial Age
43:14 Thumb Ring
43:29 Arbalester
45:14 Chemistry
45:53 Bracer
50:04 Ring Archer Armor
Tw/binjiun
10:21 Feudal Age
15:31 Castle Age
13:46 Double-Bit Axe
14:02 Horse Collar
20:04 Gold Mining
21:10 Loom
24:31 Wheelbarrow
24:00 Heavy Plow
24:14 Bow Saw
26:00 Hand Cart
25:57 Stone Mining
26:35 Scale Barding Armor
27:53 Chain Barding Armor
30:35 Forging
32:53 Iron Casting
37:26 Imperial Age
37:51 Cavalier
38:42 Bloodlines
38:32 Husbandry
39:11 Plate Barding Armor
40:31 Conscription
40:54 Savar
44:57 Kamandaran
51:54 Blast Furnace
墨子
8:42 Loom
11:32 Feudal Age
21:14 Castle Age
20:13 Horse Collar
22:35 Fishing Lines
22:59 Double-Bit Axe
23:18 Gillnets
24:23 Medium Warships
24:49 Bow Saw
25:33 Forging
27:17 Wheelbarrow
31:58 Imperial Age
29:45 Hand Cart
29:30 Fletching
29:40 Padded Archer Armor
31:26 Ballistics
36:25 Paiks
36:41 Conscription
37:00 Padded Archer Armor
36:55 Bodkin Arrow
37:36 Iron Casting
37:19 Elite Elephant Archer
43:53 Bracer
46:30 Mahayana
47:45 Chemistry
48:05 Leather Archer Armor
49:49 Siege Elephant
Connection lost

Rejoining the realm…

Still unreachable

The connection could not be restored.

Session expired

The server has moved on; the page needs a fresh start.